 Dungeon Crawl Stone Soup version 0.24-a0-164-g56e1b8f (console) character file.

Game seed: 11197292930339895211

5 Duffy the Chopper (level 1, -1/19 HPs)
             Began as a Naga Gladiator on Mar 6, 2019.
             Slain by a frilled lizard (3 damage)
             ... on level 2 of the Dungeon.
             The game lasted 00:00:12 (288 turns).

Duffy the Chopper (Naga Gladiator)                   Turns: 288, Time: 00:00:12

Health: -1/19      AC:  2    Str: 16    XL:     1   Next: 80%
Magic:  1/1        EV: 10    Int:  8    God:
Gold:   0          SH:  0    Dex: 12    Spells: 0/0 levels left

rFire    . . .     SeeInvis +   a - +0 war axe
rCold    . . .     Gourm    .   (no shield)
rNeg     . . .     Faith    .   b - +0 leather armour
rPois    +         Spirit   .   c - +0 helmet
rElec    .         Reflect  .   (no cloak)
rCorr    .         Harm     .   (no gloves)
MR       .....                  (no barding)
Stlth    +.........             (no amulet)
HPRegen  0.06/turn              (no ring)
MPRegen  0.07/turn              (no ring)

@: very slow
A: large, see invisible, deformed body, poison resistance, slowness 2, slow
metabolism 1, spit poison 1, AC +0
a: Spit Poison


You were on level 2 of the Dungeon.
You were not hungry.

You visited 1 branch of the dungeon, and saw 2 of its levels.

Inventory:

Hand Weapons
 a - a +0 war axe (weapon)
Missiles
 d - 3 throwing nets (quivered)
Armour
 b - a +0 leather armour (worn)
 c - a +0 helmet (worn)
Comestibles
 f - a ration


   Skills:
 - Level 2.0 Fighting
 + Level 3.4 Axes
 - Level 1.7 Throwing
 - Level 2.4 Dodging


You couldn't memorise any spells.
You didn't know any spells.
Your spell library was empty.

Dungeon Overview and Level Annotations

Branches:
Dungeon (2/15)

Altars:


Innate Abilities, Weirdness & Mutations

You cannot wear boots.
Your serpentine skin is tough. (AC +0)
You have supernaturally acute eyesight. (SInv)
Armour fits poorly on your strangely shaped body.
Your system is resistant to poisons. (rPois)
You cover ground very slowly.
You have a slow metabolism.
You can spit poison.


Message History

You start resting.
HP restored.
You climb downwards.
The frilled lizard bites you. The frilled lizard barely misses you.
The rat bites you. The frilled lizard barely misses you.
The frilled lizard closely misses you. x2
There is a stone staircase leading up, spattered with blood here.
The rat closely misses you. The frilled lizard closely misses you.
The frilled lizard bites you. The worm bites you.
The frilled lizard bites you. x2
You climb upwards.
There is a stone staircase leading down here.
You closely miss the frilled lizard. You slash the frilled lizard!
You kill the frilled lizard!
The frilled lizard bites you. x2
You barely miss the frilled lizard.
The frilled lizard bites you but does no damage.
You barely miss the frilled lizard. The frilled lizard bites you.
The frilled lizard bites you.
You climb downwards.
The frilled lizard closely misses you. The frilled lizard bites you.
You die...

.#..~~~~~~.# .
...~~~~~~.#. ..
...~~~~~...
...##..~~~~....
. .............
...#...........
...............
......l@l...#
...#...l....#
............#
............#
...##.........
.. ........#..
. .......... .
..........#.


You could see 3 frilled lizards.

Vanquished Creatures
  3 jackals
  2 frilled lizards (D:1)
5 creatures vanquished.

Notes
Turn   | Place    | Note
-------+----------+-------------------------------------------
     0 | D:1      | Duffy the Naga Gladiator began the quest for the Orb.
     0 | D:1      | Reached XP level 1. HP: 19/19 MP: 1/1
   288 | D:2      | Slain by a frilled lizard

Levels and vault maps discovered:
D:1:      dpeg_arrival_pits, layout_rooms
D:2:      layout_basic, lemuel_coloured_pillars_altar, serial_forest,
          infiniplex_forest_lined_3, infiniplex_forest_clump_long,
          infiniplex_forest_clump_long, infiniplex_forest_clump_cross,
          infiniplex_forest_lined_3_way, infiniplex_forest_end_double,
          infiniplex_forest_corner_2, infiniplex_forest_clump_cross,
          minivault_25, minmay_lizard_pond, uniq_terence

Action                   || total
-------------------------++-------
Melee: War axe           ||     9
Armor: Leather armour    ||     2
Dodge: Dodged            ||     9

Table legend:
 A = Non-vault XP
 B = Vault XP
 C = Vault XP percentage of total XP
 D = Non-vault monster count
 E = Vault monster count
 F = Vault count percentage of total count
                 A         B        C        D         E       F
            +---------+---------+-------+---------+---------+-------
      Total |       6 |       2 |  25.0 |       3 |       2 |  40.0
            +---------+---------+-------+---------+---------+-------
        D:1 |       4 |       2 |  33.3 |       2 |       2 |  50.0
        D:2 |       2 |       0 |   0.0 |       1 |       0 |   0.0
            +---------+---------+-------+---------+---------+-------
